 Dungeon Crawl Stone Soup version 0.28.0 (webtiles) character file.

Game seed: 16371916113084427159

27 Sanktem7 the Conjurer (level 2, -7/15 HPs)
             Began as a Deep Elf Conjurer on Feb 8, 2022.
             Engulfed by a cloud of flame (22 damage)
             ... on level 1 of the Dungeon.
             The game lasted 00:02:23 (910 turns).

Sanktem7 the Conjurer (Deep Elf Conjurer)            Turns: 910, Time: 00:02:23

Health: -7/15      AC:  3    Str:  4    XL:     2   Next: 93%
Magic:  17/17      EV: 12    Int: 22    God:
Gold:   19         SH:  0    Dex: 13    Spells: 6/7 levels left

rFire   . . .      SeeInvis .   (no weapon)
rCold   . . .      Faith    .   (no shield)
rNeg    . . .      Spirit   .   a - +0 robe
rPois   .          Reflect  .   (no helmet)
rElec   .          Harm     .   d - +0 cloak
rCorr   .          Rampage  .   (no gloves)
Will    .....                   (no boots)
Stlth   ++........              (no amulet)
HPRegen 0.05/turn               c - ring of magical power
MPRegen 0.15/turn               (no ring)

@: no status effects
A: no striking features
a: no special abilities


You were on level 1 of the Dungeon.
You visited 1 branch of the dungeon, and saw 1 of its levels.

You collected 19 gold pieces.

Inventory:

Armour
 a - a +0 robe (worn)
 d - a +0 cloak (worn)
Jewellery
 c - a ring of magical power (left hand)
 e - a ring of flight
Scrolls
 f - a scroll of identify {unknown}
Potions
 b - a potion of heal wounds {unknown}
 g - a potion of lignification {unknown}


   Skills:
 + Level 2.6 Dodging
 + Level 2.6 Stealth
 + Level 3.2 Spellcasting
 + Level 5.1 Conjurations


You had 6 spell levels left.
You knew the following spells:

 Your Spells              Type           Power      Damage    Failure   Level
a - Magic Dart            Conj           100%       1d8       1%          1

Your spell library contained the following spells:

 Spells                   Type           Power      Damage    Failure   Level
 Searing Ray              Conj           52%        2d6       2%          2
 Static Discharge         Conj/Air       14%        N/A       6%          2
 Dazzling Flash           Conj/Hex       28%        N/A       13%         3
 Fulminant Prism          Conj/Hex       7%         3d7       38%         4
 Iskenderun's Mystic Bla  Conj/Tloc      14%        2d5       38%         4
 Sticky Flame             Conj/Fire      14%        2d4       38%         4
 Dispel Undead            Necr           3%         3d7       77%         4


Dungeon Overview and Level Annotations

Branches:
Dungeon (1/15)

Altars:


Message History

A dart slug comes into view.
Found a stone staircase leading down.
A dart slug is nearby!
Casting: Magic Dart (safe; 1% risk of failure)
Confirm with . or Enter, or press ? or * to list all spells.
Aiming: Magic Dart (safe; 1% risk of failure)
Press: ? - help, Shift-Dir - straight line, f - dart slug
Aim: a dart slug (100% to hit)
The magic dart hits the dart slug.
The dart slug is moderately wounded.
The dart slug launches a dart at you. The slug dart misses you.
Casting: Magic Dart (safe; 1% risk of failure)
Confirm with . or Enter, or press ? or * to list all spells.
Aiming: Magic Dart (safe; 1% risk of failure)
Press: ? - help, Shift-Dir - straight line, f/p - dart slug
Aim: a dart slug (moderately wounded, 100% to hit)
The magic dart hits the dart slug!
You kill the dart slug!
Found a dagger.
Found a faded altar of an unknown god.
g - a fuming dark potion
There is an open door here.
You open the large door.
There is a large open door here.
There is a large open door here.
There is an open door here.
You see here a +0 dagger.
Partly explored, can't reach some items and places.
Partly explored, can't reach some items and places.
Really walk into a travel-excluded area?
Uppercase [Y]es or [N]o only, please.
Really walk into a travel-excluded area? [Y]es or [N]o only, please.
Really walk into a travel-excluded area?
Really walk into that cloud of flame?
Uppercase [Y]es or [N]o only, please.
Really walk into that cloud of flame?
You are engulfed in blazing flames.
Ouch! That really hurt!
You die...

..........# #○§○# #.#
..........# #.§.# #.#
..........#####...#####.#
...........§.§...$.§§§..#
...........○○..$...§○§..#
#######)...○.§.$$$.§☼○.##
#######...#####...######
........÷.# #§§§#
#########.# #§@§# #.#
#.☼☼# #.#####...#
#........## ##########


There were no monsters in sight!

Vanquished Creatures
  5 dart slugs (D:1)
  2 giant cockroaches (D:1)
  A hobgoblin (D:1)
  3 jackals (D:1)
  3 ball pythons (D:1)
  A bat (D:1)
  2 kobolds (D:1)
  A rat (D:1)
18 creatures vanquished.

Notes
Turn   | Place    | Note
-------+----------+-------------------------------------------
     0 | D:1      | Sanktem7 the Deep Elf Conjurer began the quest for the Orb.
     0 | D:1      | Reached XP level 1. HP: 10/10 MP: 6/6
   269 | D:1      | Reached XP level 2. HP: 15/15 MP: 8/8
   560 | D:1      | Reached skill level 5 in Conjurations
   716 | D:1      | Found a faded altar of an unknown god.
   910 | D:1      | Engulfed by a cloud of flame

Illustrated notes

Levels and vault maps discovered:
D:1:      dpeg_arrival_tiny_j, layout_rooms,
          ebering_ecumenical_altar_sacrificial, grunt_decor_arrowhead,
          lemuel_flame_loot_1

Skill      XL: |  1  2 |
---------------+-------+-----
Conjurations   | 5 |  5.1
Dodging        | |  2.6
Stealth        | |  2.6
Spellcasting   | |  3.2

Action                   || total
-------------------------++-------
 Cast: Magic Dart        ||    36
Armor: Robe              ||     1
Dodge: Dodged            ||     3
